 Dungeon Crawl Stone Soup version 0.25-a0-306-g3faca94 (webtiles) character file.

Game seed: 13995745368626086210, levelgen mode: deterministic

157318 TheGoonsmith the Severer (level 18, -12/146 HPs)
             Began as a Formicid Fighter on Dec 19, 2019.
             Was a Follower of Uskayaw.
             Killed from afar by a nagaraja (21 damage)
             ... with a poison arrow
             ... on level 4 of the Snake Pit on Dec 20, 2019.
             The game lasted 01:03:08 (34106 turns).

TheGoonsmith the Severer (Formicid Fighter)        Turns: 34106, Time: 01:03:09

Health: -12/146    AC: 31    Str: 25    XL:     18   Next: 32%
Magic:  20/27      EV: 10    Int:  6    God:    Uskayaw [*.....]
Gold:   472        SH: 22    Dex: 13    Spells: 17/17 levels left

rFire    + + .     SeeInvis +   a - +3 war axe (vamp)
rCold    + . .     Gourm    .   Y - +1 large shield {rC+ rF+}
rNeg     . . .     Faith    .   W - +3 plate armour {rF+}
rPois    .         Spirit   .   (helmet unavailable)
rElec    .         Reflect  .   m - +1 cloak
rCorr    .         Harm     .   V - +1 pair of gloves {archery}
MR       +++..                  U - +2 pair of boots {Fly}
Stlth    ..........             B - necklace of Bloodlust {*Rage +Rage MR++ Int-3 Slay+6 *Curse} (curse)
HPRegen  0.34/turn              (no ring)
MPRegen  0.20/turn              s - +3 ring of protection

@: lethally poisoned (-12 -> -46)
A: permanent stasis, dig shafts and tunnels, four strong arms, antennae 3
a: Dig, Shaft Self, Stomp, Renounce Religion, Evoke Flight


You were on level 4 of the Snake Pit.
You worshipped Uskayaw.
Uskayaw was pleased with you.
You were not hungry.

You visited 5 branches of the dungeon, and saw 28 of its levels.
You also visited: Sewer.

You collected 2925 gold pieces.
You spent 2453 gold pieces at shops.

Inventory:

Hand Weapons
 a - a +3 vampiric war axe (weapon)
 b - a +1 hand axe of flaming
 n - a +4 antimagic executioner's axe
Missiles
 k - 5 throwing nets (quivered)
Armour
 m - a +1 cloak (worn)
 U - a +2 pair of boots of flying (worn)
 V - a +1 pair of gloves of archery (worn)
 W - a +3 plate armour of fire resistance (worn)
 Y - a +1 large shield of resistance (worn)
Jewellery
 l - an uncursed ring of stealth {unknown}
 s - a +3 ring of protection (right hand)
 t - an uncursed ring of flight
 B - the cursed necklace of Bloodlust (around neck) {*Rage +Rage MR++ Int-3 Slay+6 *Curse}
   (You bought it in a shop on level 2 of the Orcish Mines)

   [amulet of rage]

   It affects your intelligence (-3).
   It affects your accuracy and damage with ranged weapons and melee attacks
   (+6).
   It affects your resistance to hostile enchantments.
   It lets you go berserk.
   It may make you go berserk in combat.
   It curses itself when equipped.
   It has a curse placed upon it.
 E - a cursed ring of attention {unknown}
 I - an uncursed ring of poison resistance
 J - an uncursed ring of protection from magic
Wands
 j - a wand of polymorph (5)
 z - a wand of paralysis (26)
 C - a wand of flame (50)
 D - a wand of enslavement (8)
 F - a wand of acid (21)
 G - a wand of iceblast (6)
 K - a wand of random effects (43)
 P - a wand of disintegration (31)
Scrolls
 e - 10 scrolls of remove curse
 h - 4 scrolls of fog
 q - a scroll of enchant weapon
 r - 10 scrolls of identify
 y - 2 scrolls of fear
 L - 3 scrolls of magic mapping
 M - a scroll of silence
 N - 3 scrolls of amnesia
 Z - a scroll of enchant armour
Potions
 d - 2 potions of might
 g - 7 potions of ambrosia
 i - 4 potions of mutation
 o - 4 potions of agility
 p - 4 potions of lignification
 u - 6 potions of brilliance
 v - 3 potions of flight
 w - 11 potions of curing
 x - 3 potions of cancellation
 A - 3 potions of heal wounds
 H - 2 potions of magic
 T - a potion of resistance
 X - a potion of experience {unknown}
Miscellaneous
 c - a box of beasts
 Q - a phantom mirror
Comestibles
 f - 44 rations


   Skills:
 + Level 14.1 Fighting
 - Level 18.4 Axes
 + Level 14.1 Armour
 + Level 5.2 Dodging
 - Level 15.0 Shields
 + Level 12.1 Invocations


You had 17 spell levels left.
You didn't know any spells.
Your spell library contained the following spells:

 Spells                   Type           Power        Failure   Level  Hunger
 Animate Skeleton         Necr           N/A          98%         1    ##.....
 Apportation              Tloc           #.....       98%         1    ##.....
 Beastly Appendage        Tmut           #.....       98%         1    ##.....
 Confusing Touch          Hex            #.....       98%         1    ##.....
 Magic Dart               Conj           #...         98%         1    ##.....
 Pain                     Necr           #...         98%         1    ##.....
 Shock                    Conj/Air       #...         98%         1    ##.....
 Summon Butterflies       Summ           #.......     98%         1    ##.....
 Summon Small Mammal      Summ           #...         98%         1    ##.....
 Call Imp                 Summ           #.......     99%         2    ###....
 Searing Ray              Conj           #.....       99%         2    ###....
 Slow                     Hex            #.......     99%         2    ###....
 Sticks to Snakes         Tmut           #.......     99%         2    ###....
 Swiftness                Chrm/Air       #.......     99%         2    ###....
 Conjure Flame            Conj/Fire      #.......     100%        3    ####...
 Dazzling Flash           Conj/Hex       #.....       100%        3    ####...
 Lesser Beckoning         Tloc           #.........   100%        3    ####...
 Mephitic Cloud           Conj/Pois/Air  #.......     100%        3    ####...
 Regeneration             Chrm/Necr      #.........   100%        3    ####...
 Spider Form              Tmut/Pois      #.........   100%        3    ####...
 Static Discharge         Conj/Air       #.......     100%        3    ####...
 Tukima's Dance           Hex            #.......     100%        3    ####...
 Vampiric Draining        Necr           #.........   100%        3    ####...
 Airstrike                Air            #.........   100%        4    #####..
 Animate Dead             Necr           N/A          100%        4    #####..
 Fulminant Prism          Conj/Hex       #.........   100%        4    #####..
 Ice Form                 Ice/Tmut       #.......     100%        4    #####..
 Iskenderun's Mystic Bla  Conj/Tloc      #.......     100%        4    #####..
 Alistair's Intoxication  Tmut/Pois      #.......     100%        5    ######.
 Blade Hands              Tmut           #.........   100%        5    ######.
 Lightning Bolt           Conj/Air       #.........   100%        5    ######.
 Invisibility             Hex            #.......     100%        6    #######
 Blink                    Tloc           Unusable     N/A         2    N/A

Dungeon Overview and Level Annotations

Branches:
Dungeon (15/15)            Temple (1/1) D:7            Lair (6/6) D:11
  Swamp (0/4) Lair:2        Snake (4/4) Lair:4        Slime (0/5) Lair:5
    Orc (2/2) D:10            Elf (0/3) Orc:2        Vaults (0/5) D:14
 Depths (0/5) D:15          Sewer (visited)

Altars:
Ashenzari
Cheibriados
Dithmenos
Elyvilon
Fedhas
Hepliaklqana
Kikubaaqudgha
Makhleb
Nemelex Xobeh
Okawaru
Qazlal
Ru
Trog
Uskayaw
Vehumet
Wu Jian
Xom
Yredelemnul
The Shining One
Beogh
Jiyva

Shops:
D:15 *   Orc:2 ([?[}==%   Snake:1 =}}

Portals:
Trove: D:13 (give 17 potions of curing)

Annotations:
D:3 1 runed translucent door, lyrin's ghost, amateur HaAM
D:7 1 runed translucent door, Caerwyn's ghost, novice GnAE
Lair:2 3 runed translucent doors, subdon's ghost, journeyman MiFi
Lair:5 1 runed translucent door, Meupeese's ghost, journeyman HOFi
Lair:6 exclusion: oklob plant


Innate Abilities, Weirdness & Mutations

You cannot be hasted, slowed, berserked, paralysed or teleported.
You can dig through walls and to a lower floor.
Your four strong arms can wield two-handed weapons with a shield.
You have a pair of large antennae on your head. (SInv)


Message History

You feel sick.
You feel sick.
You can no longer pass through a line of other dancers.
You feel sick.
There is an open door here.
You close the door.
You feel sick.
You feel sick.
A nagaraja opens the door.
The nagaraja is no longer moving quickly.
The nagaraja casts a spell at you. The bolt of poison hits you!!
You are more poisoned.
* * * LOW HITPOINT WARNING * * *
* * * LOW HITPOINT WARNING * * *
You feel sick.
* * * LOW HITPOINT WARNING * * *
You feel sick.
The nagaraja points at you and mumbles some strange words.
The poison arrow hits you!!
You are more poisoned.
You die...

##.......#.......))))....
##......##..............
###.....###......))...#
####.## ####.)([.####
###### ###'### ###....###
#[()# ##
##........#####)#####.
####..........##.).)[##(.
##.N.....@...........[.([.
#..#............##...##...
#.###..........#########..
#..###........## ... ##.
##.{####....### {{N... ##
##.{{.###### {{..N..{
####.{.{({####{.SN..{
###{##S((NNN#{N
######S####


You could see a nagaraja.

Vanquished Creatures
  Rupert (Lair:4)
  Kirke (D:15)
  Agnes (Snake:2)
  Aizul (Snake:2)
  9 nagarajas
  Louise (Snake:2)
  Nessos (D:15)
  A dire elephant (D:15)
  Snorg (Orc:2)
  A fire dragon (Lair:6)
  A vault guard (D:14)
  A rakshasa (D:13)
  10 naga warriors
  9 hydras
  2 centaur warriors
  6 anacondas
  3 death knights
  6 two-headed ogres
  3 orc high priests (Orc:2)
  17 naga sharpshooters
  7 shock serpents
  2 salamander mystics
  3 unseen horrors
  2 skeletal warriors (D:15)
  7 naga ritualists
  3 phantasmal warriors
  4 orc knights (Orc:2)
  A lindwurm (Lair:6)
  9 mana vipers
  4 orc sorcerers (Orc:2)
  An oklob plant (Lair:6)
  A deep elf mage (D:13)
  10 ugly things
  3 cyclopes
  5 salamanders
  2 manticores
  Maurice (Orc:2)
  7 naga magi
  3 elephants (Lair:6)
  33 black mambas
  2 molten gargoyles (Lair:6)
  12 guardian serpents
  13 spiny frogs
  A yaktaur (D:15)
  A kobold demonologist (D:14)
  2 rime drakes
  3 freezing wraiths
  21 komodo dragons
  An efreet (D:14)
  3 meliai (D:15)
  6 trolls
  A queen bee (shapeshifter) (D:14)
  12 slime creatures
  Grinder (D:5)
  3 hornets
  9 blink frogs
  A harpy skeleton (D:15)
  A polar bear (Lair:1)
  7 hippogriffs
  6 dream sheep (Lair:5)
  A yak (shapeshifter) (D:14)
  A water elemental (D:14)
  A vampire (D:14)
  6 wyverns
  2 wraiths
  47 yaks
  2 shadows
  4 basilisks
  3 hungry ghosts
  2 steam dragons (Lair:6)
  Edmund (D:5)
  41 nagas
  A soldier ant (D:14)
  3 acid dragons
  A warg (Orc:2)
  5 hell hounds (Lair:6)
  12 water moccasins
  A floating eye (Lair:6)
  4 porcupines
  3 phantoms
  2 necrophages
  25 orc warriors
  5 black bears
  5 ice beasts
  6 wolves (Lair:1)
  3 eyes of draining
  9 ogres
  6 centaurs
  11 crocodiles
  9 bullfrogs
  A gnoll sergeant (D:11)
  5 scorpions
  11 killer bees
  13 wights
  4 electric eels (D:14)
  4 howler monkeys
  4 lava snakes (Lair:6)
  6 crimson imps
  A bullfrog zombie (D:12)
  A quasit (D:6)
  3 centaur zombies
  4 centaur skeletons
  3 hounds
  5 jellies
  23 orc priests
  3 bullfrog skeletons
  10 iguanas
  20 orc wizards
  15 worker ants
  A hound zombie (D:11)
  4 hound skeletons
  9 gnolls
  17 adders
  3 river rats (Sewer)
  A shadow imp (D:11)
  2 oozes (D:4)
  2 adder skeletons
  2 adder zombies
  A worm (D:2)
  8 leopard geckos
  63 orcs
  3 ball pythons (Sewer)
  11 giant cockroaches
  4 goblins
  5 hobgoblins
  4 jackals (D:4)
  2 kobolds (D:2)
  4 quokkas
  4 bats
  14 frilled lizards
  8 rats
  3 fungi (D:4)
823 creatures vanquished.

Vanquished Creatures (others)
  A naga mage (Snake:4)
  A water elemental (D:14)
  4 humans (D:15)
  An electric eel (D:14)
  A crimson imp (D:15)
  6 fungi
  8 plants
  3 toadstools (D:4)
25 creatures vanquished.

Grand Total: 848 creatures vanquished

Notes
Turn   | Place    | Note
-------+----------+-------------------------------------------
     0 | D:1      | TheGoonsmith the Formicid Fighter began the quest for the
                  | Orb.
     0 | D:1      | Reached XP level 1. HP: 18/18 MP: 1/1
   103 | D:1      | Reached XP level 2. HP: 18/24 MP: 2/2
   784 | D:2      | Reached XP level 3. HP: 21/29 MP: 3/3
  1055 | D:2      | Reached skill level 3 in Axes
  1055 | D:2      | Reached XP level 4. HP: 16/37 MP: 4/4
  2142 | D:3      | Noticed a centaur
  2151 | D:3      | Killed a centaur
  2151 | D:3      | Reached XP level 5. HP: 15/42 MP: 5/5
  2464 | D:3      | Reached XP level 6. HP: 17/48 MP: 6/6
  2692 | D:3      | Found a hazy altar of Hepliaklqana.
  2765 | D:3      | Reached skill level 4 in Axes
  3322 | D:3      | Found a runed translucent door.
  3323 | D:3      | Noticed lyrin's ghost (amateur HaAM)
  3567 | D:4      | Reached skill level 5 in Shields
  3846 | D:4      | Noticed an ogre
  3860 | D:4      | Killed an ogre
  3860 | D:4      | Reached XP level 7. HP: 26/55 MP: 7/7
  4282 | D:4      | Found a glowing golden altar of the Shining One.
  4339 | D:4      | Reached skill level 5 in Axes
  4541 | D:4      | Found a sacrificial altar of Ru.
  4612 | D:5      | Entered Level 5 of the Dungeon
  4614 | D:5      | Noticed Grinder
  4631 | D:5      | Killed Grinder
  4631 | D:5      | Reached skill level 5 in Fighting
  4631 | D:5      | Reached skill level 5 in Armour
  4631 | D:5      | Reached XP level 8. HP: 28/62 MP: 8/8
  4853 | D:5      | Reached skill level 6 in Axes
  5406 | D:5      | Noticed Edmund
  5433 | D:5      | Killed Edmund
  5943 | D:6      | Found a glowing drain.
  5973 | Sewer    | Entered a sewer
  6345 | D:6      | Reached XP level 9. HP: 69/69 MP: 9/9
  6526 | D:6      | Reached skill level 7 in Axes
  7250 | D:7      | Found a runed translucent door.
  7250 | D:7      | Found a shimmering altar of Xom.
  7250 | D:7      | Noticed a +1 short sword of chaos
  7250 | D:7      | Noticed Caerwyn's ghost (novice GnAE)
  7351 | D:7      | Reached skill level 8 in Axes
  7612 | D:7      | Noticed a slime creature
  7612 | D:7      | Noticed a slime creature
  7614 | D:7      | Noticed a slime creature
  7614 | D:7      | Noticed a slime creature
  7614 | D:7      | Noticed a slime creature
  7913 | D:7      | Found a staircase to the Ecumenical Temple.
  7922 | Temple   | Entered the Ecumenical Temple
  7928 | Temple   | Became a worshipper of Uskayaw the Reveler
  8092 | D:7      | Noticed a komodo dragon
  8096 | D:7      | Reached * piety under Uskayaw
  8100 | D:7      | Reached ** piety under Uskayaw
  8102 | D:7      | Killed a komodo dragon
  8246 | D:7      | Noticed a troll
  8255 | D:7      | Killed a troll
  8255 | D:7      | Reached *** piety under Uskayaw
  8430 | D:8      | Reached skill level 9 in Axes
  8468 | D:8      | Noticed a hippogriff
  8486 | D:8      | Reached XP level 10. HP: 63/76 MP: 10/10
  8487 | D:8      | Reached **** piety under Uskayaw
  8623 | D:8      | Found a stormy altar of Qazlal.
  8706 | D:8      | Reached skill level 10 in Axes
  8726 | D:8      | Reached skill level 1 in Invocations
  9033 | D:8      | Found a snail-covered altar of Cheibriados.
  9034 | D:8      | Found a burning altar of Makhleb.
  9249 | D:9      | Reached skill level 5 in Invocations
  9617 | D:9      | Found a basalt altar of Yredelemnul.
  9949 | D:9      | Noticed a two-headed ogre
 10128 | D:9      | Killed a two-headed ogre
 10128 | D:9      | Reached skill level 11 in Axes
 10456 | D:9      | Reached XP level 11. HP: 50/81 MP: 14/14
 10775 | D:9      | Upgraded the game from 0.25-a0-294-gea9b1ad to
                  | 0.25-a0-299-gced51cc
 10868 | D:10     | Entered Level 10 of the Dungeon
 10868 | D:10     | Found a staircase to the Orcish Mines.
 10924 | D:10     | Reached skill level 12 in Axes
 10925 | D:10     | Noticed an unseen horror
 10938 | D:10     | Killed an unseen horror
 11011 | D:10     | Found a hide-covered altar of Uskayaw.
 11030 | D:10     | Noticed a purple ugly thing
 11042 | D:10     | Killed a purple ugly thing
 11104 | D:10     | Reached skill level 13 in Axes
 11141 | D:10     | Reached ***** piety under Uskayaw
 11519 | D:10     | Upgraded the game from 0.25-a0-299-gced51cc to
                  | 0.25-a0-302-g9f75867
 11519 | D:10     | Upgraded the game from 0.25-a0-302-g9f75867 to
                  | 0.25-a0-306-g3faca94
 11618 | D:10     | Noticed a two-headed ogre
 11628 | D:10     | Killed a two-headed ogre
 12385 | D:11     | Noticed a two-headed ogre
 12404 | D:11     | Killed a two-headed ogre
 12404 | D:11     | Reached skill level 14 in Axes
 12404 | D:11     | Reached XP level 12. HP: 49/88 MP: 16/16
 12840 | D:11     | Found a staircase to the Lair.
 13491 | Lair:1   | Entered Level 1 of the Lair of Beasts
 15096 | Lair:2   | Noticed a six-headed hydra
 15154 | Lair:2   | Killed a one-headed hydra
 15502 | Lair:2   | Reached XP level 13. HP: 57/99 MP: 19/19
 15700 | Lair:2   | Found a runed translucent gate.
 15701 | Lair:2   | Found a runed translucent gate.
 15718 | Lair:2   | Found a staircase to the Swamp.
 15718 | Lair:2   | Noticed an eight-headed hydra
 15741 | Lair:2   | Killed a three-headed hydra
 16115 | Lair:2   | Found a runed translucent gate.
 16116 | Lair:2   | Noticed subdon's ghost (journeyman MiFi)
 16116 | Lair:2   | Noticed a death ooze
 16117 | Lair:2   | Found a viscous altar of Jiyva.
 16158 | Lair:2   | Reached skill level 15 in Axes
 16613 | Lair:3   | Noticed a six-headed hydra
 16626 | Lair:3   | Killed a one-headed hydra
 16653 | Lair:3   | Reached ****** piety under Uskayaw
 16732 | Lair:3   | Noticed a six-headed hydra
 16743 | Lair:3   | Killed a one-headed hydra
 17838 | Lair:4   | Found a staircase to the Snake Pit.
 17979 | Lair:4   | Noticed an eight-headed hydra
 17991 | Lair:4   | Killed a one-headed hydra
 18302 | Lair:4   | Reached skill level 10 in Armour
 18402 | Lair:4   | Reached skill level 10 in Fighting
 18898 | Lair:4   | Noticed Rupert
 18907 | Lair:4   | Killed Rupert
 18907 | Lair:4   | Reached skill level 16 in Axes
 19778 | Lair:5   | Reached XP level 14. HP: 107/110 MP: 20/20
 19794 | Lair:5   | Reached skill level 1 in Dodging
 19951 | Lair:5   | Found a runed translucent door.
 19952 | Lair:5   | Identified the +8 spear of Currency {elec, *Contam rC+ MR+}
 19954 | Lair:5   | Noticed Meupeese's ghost (journeyman HOFi)
 20054 | Lair:5   | Found a viscous altar of Jiyva.
 20055 | Lair:5   | Found a staircase to the Slime Pits.
 20148 | Lair:6   | Entered Level 6 of the Lair of Beasts
 21930 | Lair:6   | Found a large runed translucent door.
 21931 | Lair:6   | Found a large runed translucent door.
 22217 | Orc:1    | Entered Level 1 of the Orcish Mines
 22658 | Orc:2    | Entered Level 2 of the Orcish Mines
 22778 | Orc:2    | Found a roughly hewn altar of Beogh.
 22783 | Orc:2    | Noticed Snorg
 22788 | Orc:2    | Found Raeshrai's Weapon Shoppe.
 22808 | Orc:2    | Killed Snorg
 23047 | Orc:2    | Found Reky's Food Emporium.
 23088 | Orc:2    | Reached XP level 15. HP: 105/118 MP: 22/22
 23153 | Orc:2    | Noticed Maurice
 23170 | Orc:2    | Killed Maurice
 23521 | Orc:2    | Found Xuleqa's Armour Boutique.
 23528 | Orc:2    | Found Kauseari's Magic Scroll Boutique.
 23550 | Orc:2    | Found a staircase to the Elven Halls.
 23796 | Orc:2    | Reached skill level 10 in Invocations
 24551 | Orc:2    | Found Vycyjane's Jewellery Boutique.
 24551 | Orc:2    | Found Siegrusi's Antique Armour Shoppe.
 24553 | Orc:2    | Found Zodil's Jewellery Boutique.
 24553 | Orc:2    | Found Qirek's Gadget Shoppe.
 24564 | Orc:2    | Bought the cursed necklace of Bloodlust {*Rage +Rage MR++
                  | Int-3 Slay+6 *Curse} for 968 gold pieces
 24564 | Orc:2    | Found the cursed necklace of Bloodlust {*Rage +Rage MR++
                  | Int-3 Slay+6 *Curse}
 24823 | Orc:2    | Bought a scroll of identify for 26 gold pieces
 24823 | Orc:2    | Bought a scroll of identify for 26 gold pieces
 24823 | Orc:2    | Bought a scroll of identify for 26 gold pieces
 24823 | Orc:2    | Bought a scroll of enchant weapon for 97 gold pieces
 24823 | Orc:2    | Bought a scroll of identify for 26 gold pieces
 24831 | Orc:2    | Bought a +2 pair of boots of flying for 236 gold pieces
 24831 | Orc:2    | Bought a +1 pair of gloves of archery for 181 gold pieces
 24831 | Orc:2    | Bought a +3 plate armour of fire resistance for 495 gold
                  | pieces
 25268 | D:12     | Reached skill level 5 in Dodging
 25945 | D:13     | Found a portal to a secret trove of treasure.
 26150 | D:13     | Identified a scroll of acquirement
 26208 | D:13     | Got a crystal battleaxe
 26250 | D:13     | Reached skill level 17 in Axes
 26568 | D:13     | You fall into a shaft and drop 2 floors!
 26568 | D:15     | Entered Level 15 of the Dungeon
 26603 | D:15     | Noticed Kirke
 26613 | D:15     | Killed Kirke
 26851 | D:14     | Identified the +1 battleaxe "Seelo" {chop, +Blink +Rage
                  | +Fly Int-3} (You found it on level 13 of the Dungeon)
 27557 | D:14     | Reached XP level 16. HP: 106/129 MP: 8/24
 27564 | D:14     | Found a gate to the Vaults.
 28570 | D:15     | Noticed Nessos
 28606 | D:15     | Killed Nessos
 28639 | D:15     | Found a staircase to the Depths.
 28991 | D:15     | Found Gewkuw's Assorted Antiques.
 28999 | D:15     | Bought a scroll of enchant weapon for 180 gold pieces
 28999 | D:15     | Bought a potion of heal wounds for 120 gold pieces
 28999 | D:15     | Bought a potion of curing for 72 gold pieces
 29223 | Snake:1  | Entered Level 1 of the Snake Pit
 29281 | Snake:1  | Reached skill level 18 in Axes
 29986 | Snake:1  | Got a slimy scale mail
 29987 | Snake:1  | Identified the cursed +1 scale mail of the Guild-Master
                  | {+Blink rF++ Int-3 Dex+2} (You found it on level 1 of the
                  | Snake Pit)
 30274 | Snake:1  | Found Weerots's Jewellery Shoppe.
 30274 | Snake:1  | Found Mosches's Gadget Shop.
 30275 | Snake:1  | Found Dastisex's Gadget Shop.
 30319 | Snake:2  | Noticed Louise
 30322 | Snake:2  | Noticed Agnes
 30330 | Snake:2  | Killed Louise
 30330 | Snake:2  | Killed Agnes
 30360 | Snake:2  | Reached XP level 17. HP: 124/137 MP: 17/26
 30410 | Snake:2  | Noticed Aizul
 30437 | Snake:2  | Killed Aizul
 30916 | Snake:2  | Reached skill level 10 in Shields
 32425 | Snake:4  | Entered Level 4 of the Snake Pit
 32457 | Snake:4  | HP: 3/139 [nagaraja/poison arrow (31)]
 33395 | Snake:4  | Reached XP level 18. HP: 138/146 MP: 27/27
 34037 | Snake:4  | Reached skill level 15 in Shields
 34106 | Snake:4  | Killed from afar by a nagaraja

Levels and vault maps discovered:
D:1:      ebering_trefoil_twist, layout_loops_ring
D:2:      layout_loops_ring, first_ration, lemuel_flame_loot_1
D:3:      layout_loops_ring, lemuel_round_altar, ebering_ghost_reflecting_pool,
          minmay_misc_feat_room
D:4:      layout_rooms, nicolae_tso_carved_into_rock,
          nicolae_overflow_hidden_temple, minmay_gold_behind_fungi,
          minmay_misc_feat_enclosed
D:5:      layout_cave_pools, uniq_edmund, uniq_grinder
D:6:      layout_basic, gup_sewer_entry_pipe
D:7:      layout_basic, minmay_temple_entry_grid, ebering_ghost_xom,
          grunt_ministairs_9
D:8:      layout_rooms, minitemple, basic_altar, grunt_ogre_cave
D:9:      layout_basic, kennysheep_little_box, grunt_tough_drop
D:10:     layout_loops_cross, orc_0_dummy, basic_altar
D:11:     layout_rooms, lair_entry_dummy, onia_ninara_cookie
D:12:     layout_cave_pods
D:13:     layout_roguey, serial_rivers, chequers_serial_rivers_micro_d,
          chequers_serial_rivers_room_b, chequers_serial_rivers_micro_e,
          chequers_serial_rivers_micro_d, enter_trove_1,
          kennysheep_generic_room_7
D:14:     layout_basic, david_vaults_5, minmay_stone_trees_small
D:15:     hangedman_depths_entry_try_elsewhere_first, layout_loops_ring,
          minmay_misc_feat_four_crosses, serial_shops, nicolae_shop_stone,
          hangedman_decor_points, uniq_kirke, uniq_nessos
Temple:   nicolae_temple_x_marks_the_god
Lair:1:   layout_cave_pods, gauntlet_entry_generic, minivault_23,
          serial_bayou_pond_b
Lair:2:   beast_lair_carwin_large_4, layout_cave_pods,
          minmay_swamp_entry_reptiles, gammafunk_ghost_ooze, lemuel_fruit_tree,
          infiniplex_staircase_pool
Lair:3:   layout_cave_pods, serial_bayou_shore_b, grunt_megastairs_5
Lair:4:   layout_cave_pods, minmay_snake_entry_guardpost_small,
          chequers_serial_rivers_large_b, grunt_megastairs_2, uniq_rupert
Lair:5:   layout_roguey, dpeg_slime_entry_enclosed_altar,
          ebering_ghost_funeral_grove
Lair:6:   cheibrodos_lair_end_hotspot, layout_big_grid, disabler_island
Snake:1:  layout_gridlike, serial_bayou_shore_b, minmay_shop_grove
Snake:2:  layout_onion, uniq_louise, uniq_aizul, uniq_agnes
Snake:3:  layout_cave_pods, st_stairs_4, grunt_ministairs_13
Snake:4:  snake_hunt, layout_onion_interference, basic_altar, st_stairs_9,
          grunt_ministairs_3, hangedman_snake_wide_pillar_pass
Orc:1:    layout_caves
Orc:2:    grunt_orc_tribal_feast, layout_caves, serial_shops, shop,
          nicolae_shop_statue_plus, shop_statue, shop, basic_altar, uniq_snorg,
          uniq_maurice

Skill      XL: |  1  2  3  4  5  6  7  8  9 10 11 12 13 14 15 16 17 18 |
---------------+-------------------------------------------------------+-----
Shields        | 4 5 6 8 9 13 15 | 15.0
Axes           | 3 4 5 6 9 11 14 16 17 18 | 18.4
Fighting       | 4 5 6 8 10 11 12 13 14 | 14.1
Armour         | 4 5 6 8 10 11 12 13 14 | 14.1
Invocations    | 5 6 8 9 11 12 | 12.1
Dodging        | 4 5 |  5.2

Action                   |  1- 3 |  4- 6 |  7- 9 | 10-12 | 13-15 | 16-18 || total
-------------------------+-------+-------+-------+-------+-------+-------++-------
Melee: War axe           |    95 |   177 |   404 |   756 |   474 |   702 ||  2608
       Hand axe          |       |       |       |    14 |    72 |    22 ||   108
       Battleaxe         |       |       |       |       |   333 |       ||   333
       Executioner's axe |       |       |       |       |   140 |    33 ||   173
Throw: Throwing net      |       |     1 |       |       |       |       ||     1
Invok: Line Pass         |       |       |       |     3 |       |     1 ||     4
       Grand Finale      |       |       |       |       |     4 |     2 ||     6
       Stomp             |       |       |       |       |     1 |       ||     1
 Abil: Dig               |       |       |     1 |       |       |       ||     1
       Stop Flying       |       |       |       |       |     1 |       ||     1
Evoke: Wand              |       |       |       |     2 |     3 |       ||     5
  Use: Scroll            |       |    12 |     3 |     9 |    10 |     5 ||    39
       Potion            |       |       |     3 |       |       |     6 ||     9
 Stab: Paralysed         |       |       |     1 |    73 |   127 |   116 ||   317
  Eat: Chunk             |       |    10 |    11 |    19 |    28 |     7 ||    75
       Ration            |       |       |     1 |     4 |     4 |     5 ||    14
Armor: Scale mail        |    47 |    61 |   148 |    36 |       |       ||   292
       Chain mail        |       |       |       |    11 |       |       ||    11
       Plate armour      |       |       |       |   205 |   367 |   284 ||   856
Dodge: Dodged            |    40 |    64 |   140 |   166 |   245 |   133 ||   788
Block: Shield            |    54 |    97 |   200 |   379 |   432 |   129 ||  1291
       Large shield      |       |       |       |       |       |   409 ||   409

Table legend:
 A = Non-vault XP
 B = Vault XP
 C = Vault XP percentage of total XP
 D = Non-vault monster count
 E = Vault monster count
 F = Vault count percentage of total count
                 A         B        C        D         E       F
            +---------+---------+-------+---------+---------+-------
      Total |  139636 |   85104 |  37.9 |     611 |     210 |  25.6
            +---------+---------+-------+---------+---------+-------
        D:1 |      26 |       0 |   0.0 |      15 |       0 |   0.0
        D:2 |      78 |       0 |   0.0 |      12 |       0 |   0.0
        D:3 |     215 |       0 |   0.0 |      20 |       0 |   0.0
        D:4 |     480 |       0 |   0.0 |      17 |       0 |   0.0
        D:5 |     392 |     447 |  53.3 |      15 |       2 |  11.8
        D:6 |     317 |      18 |   5.4 |      12 |       8 |  40.0
        D:7 |    1170 |     155 |  11.7 |      12 |       6 |  33.3
        D:8 |    1563 |     116 |   6.9 |      23 |       1 |   4.2
        D:9 |    2487 |     564 |  18.5 |      24 |       3 |  11.1
       D:10 |    5405 |       0 |   0.0 |      40 |       0 |   0.0
       D:11 |    1933 |    3612 |  65.1 |      30 |      16 |  34.8
       D:12 |    4082 |       0 |   0.0 |      22 |       0 |   0.0
       D:13 |    8732 |    1233 |  12.4 |      27 |       3 |  10.0
       D:14 |    8691 |    1971 |  18.5 |      33 |       5 |  13.2
       D:15 |   14632 |    6354 |  30.3 |      36 |       5 |  12.2
     Lair:1 |    3791 |     253 |   6.3 |      20 |       1 |   4.8
     Lair:2 |    2692 |    4237 |  61.1 |      11 |      19 |  63.3
     Lair:3 |    3655 |    3146 |  46.3 |      15 |       8 |  34.8
     Lair:4 |    2868 |    3785 |  56.9 |       6 |       6 |  50.0
     Lair:5 |    4909 |       0 |   0.0 |      18 |       0 |   0.0
     Lair:6 |   10200 |    9793 |  49.0 |      39 |      31 |  44.3
    Snake:1 |   15839 |       0 |   0.0 |      27 |       0 |   0.0
    Snake:2 |   19399 |    5556 |  22.3 |      38 |       3 |   7.3
    Snake:3 |   12034 |    5317 |  30.6 |      25 |       4 |  13.8
    Snake:4 |   10300 |   29114 |  73.9 |      21 |      40 |  65.6
      Orc:1 |    1121 |       3 |   0.3 |      19 |       1 |   5.0
      Orc:2 |    2625 |    9361 |  78.1 |      34 |      31 |  47.7
      Sewer |       0 |      69 | 100.0 |       0 |      17 | 100.0
            +---------+---------+-------+---------+---------+-------
